Avalanche vs Flames

Created - den 6 december 2014 at 17:55

Goals
1 2 3 T
Avalanche 0 0 0 0
Flames 1 2 0 3
Shots
1 2 3 T
Avalanche 8 5 7 20
Flames 5 8 15 28

1st period

1. Flames , Casey Cizikas 5 (Mark Giordano, Duncan Keith) at 13:48

Penalties :
Shane Doan (COL) for Cross-checking (Minor) at 3:22, Milan Lucic (CGY) for Tripping (Minor) at 17:45

2nd period

2. Flames , Duncan Keith 4 (Mark Giordano, David Krejci) at 4:50 (PP)
3. Flames , Patrick Sharp 10 (Brent Seabrook, Jaromir Jagr) at 17:53

Penalties :
Erik Cole (COL) for Hooking (Minor) at 3:52, Brent Seabrook (CGY) for Hooking (Minor) at 5:31, Jake Muzzin (CGY) for Hooking (Minor) at 7:35

3rd period

No Goal

Penalties :
Marek Zidlicky (COL) for Interference (Minor) at 5:07, Antoine Roussel (COL) for Close Hand On Puck (Minor) at 12:03

Goalie Stats

Ben Bishop (COL), 25 saves from 28 shots - (0,893), L, 13-7-1, 60:00 minutes
Pekka Rinne (CGY), 20 saves from 20 shots - (1,000), W, 9-9-4, 60:00 minutes

Players Stats for Avalanche

Player Name              G  A  P  +/- PIM S  H  SB GA TA FO     MP     PP MP  PK MP  
------------------------------------------------------------------------------------
Antoine Roussel          0  0  0   0  2   1  2  1  0  0  0/0    12:37   2:22   0:00 
Blake Comeau             0  0  0   0  0   0  1  0  0  0  1/2    11:05   0:49   0:00 
Brayden Schenn           0  0  0   0  0   2  1  0  0  0  9/13   14:36   3:05   0:00 
Brian Flynn              0  0  0   0  0   0  0  0  0  0  4/11   12:06   0:00   4:37 
Brian Gibbons            0  0  0   0  0   1  0  0  0  0  0/1    11:31   0:00   0:00 
Erik Cole                0  0  0   0  2   1  0  0  0  0  0/0    15:11   3:05   0:36 
Hampus Lindholm          0  0  0  -1  0   0  1  1  0  0  0/0    20:24   2:06   3:06 
Jordan Leopold           0  0  0   0  0   0  1  1  0  0  0/0    16:20   0:43   2:10 
Luke Schenn              0  0  0  -1  0   0  4  1  0  0  0/0    19:54   2:28   3:49 
Marek Zidlicky           0  0  0   0  2   4  2  2  0  0  0/0    21:04   2:46   0:00 
Mark Fayne               0  0  0  -1  0   0  0  0  0  0  0/0    18:42   1:16   3:49 
Mark Stone               0  0  0   0  0   0  0  0  0  0  0/1     9:11   0:00   1:42 
Maxim Lapierre           0  0  0   0  0   2  0  0  0  0  8/17   12:12   0:06   1:50 
Patrick Kane             0  0  0  -2  0   3  0  0  0  0  0/4    20:38   2:46   0:00 
Shane Doan               0  0  0  -2  2   3  1  0  0  0  0/0    20:55   2:16   0:00 
Tobias Enstrom           0  0  0  -1  0   0  2  0  0  0  0/0    23:35   2:35   0:56 
Torrey Mitchell          0  0  0   0  0   0  1  1  0  0  1/2    11:54   0:36   4:37 
Tyler Bozak              0  0  0  -2  0   3  0  0  0  0  11/18  21:06   2:46   0:28 

Players Stats for Flames

Player Name              G  A  P  +/- PIM S  H  SB GA TA FO     MP     PP MP  PK MP  
------------------------------------------------------------------------------------
Adam Henrique            0  0  0   0  0   0  0  0  0  0  1/2    11:38   0:00   0:00 
Andrew Shaw              0  0  0   0  0   2  3  0  0  0  1/1    12:28   0:00   0:50 
Brent Seabrook           0  1  1   1  2   1  3  0  0  0  0/0    20:19   2:45   1:51 
Cal Clutterbuck          0  0  0   1  0   0  0  0  0  0  1/2    13:27   0:00   1:35 
Casey Cizikas            1  0  1   1  0   4  0  1  0  0  4/12   14:27   0:00   2:35 
David Krejci             0  1  1   0  0   1  0  0  0  0  7/13   14:15   2:42   0:00 
Duncan Keith             1  1  2   1  0   3  0  1  0  0  0/0    23:55   4:10   3:21 
Jake Muzzin              0  0  0   0  2   0  3  0  0  0  0/0    18:32   2:45   0:48 
Jamie Benn               0  0  0   1  0   3  4  0  0  0  1/2    17:42   4:13   1:24 
Jaromir Jagr             0  1  1   1  0   2  0  0  0  0  1/1    16:30   4:13   0:12 
Jordie Benn              0  0  0   1  0   0  2  0  0  0  0/0    17:46   0:00   2:02 
Mark Giordano            0  2  2   1  0   3  1  2  0  0  0/0    23:52   4:10   3:18 
Matt Martin              0  0  0   1  0   1  2  0  0  0  0/1    13:36   0:00   1:44 
Milan Lucic              0  0  0   0  2   1  5  0  0  0  0/0    14:14   2:42   0:00 
Patrick Sharp            1  0  1   1  0   2  0  0  0  0  12/20  18:40   4:13   2:22 
Patrick Wiercioch        0  0  0   0  0   1  1  1  0  0  0/0    15:22   0:00   0:22 
Patrik Berglund          0  0  0   0  0   3  0  0  0  0  6/14   13:02   0:00   1:24 
Wayne Simmonds           0  0  0   0  0   1  1  0  0  0  1/1    14:15   2:42   0:00 

3 Stars

1 - Pekka Rinne (CGY)
2 - Duncan Keith (CGY)
3 - Mark Giordano (CGY)

Power Play

Avalanche - 0 on 3 Attempt(s) - 0,00%
Flames - 1 on 4 Attempt(s) - 25,00%

Penalty Kill

Avalanche - 3 on 4 Attempt(s) - 75,00% - Score 0 goal in Penalty Kill
Flames - 3 on 3 Attempt(s) - 100,00% - Score 0 goal in Penalty Kill

Official

Referees : Dean Morton and Tim Mayer
Linesman : Kevin Redding and Matt McNulty

Game Notes

No Game Note

Finance

Level 1 -- Attendance: 5698 (88,62%) -- Ticket Income 478.632 kr
Level 2 -- Attendance: 4457 (83,18%) -- Ticket Income 227.307 kr
Level 3 -- Attendance: 1977 (92,25%) -- Ticket Income 57.333 kr
Level 4 -- Attendance: 3540 (82,59%) -- Ticket Income 60.180 kr
Luxury Box -- Attendance: 1072 (100,00%) -- Ticket Income 177.952 kr
Game was played at the Pengrowth Saddledome
Total Attendance: 16744 (86,81%)
Total Ticket Income: 1.001.404 kr
Other Income: 490.688 kr
Total Income: 1.492.092 kr

Avalanche

5 vs 5 Forward 
   Center                   Left Wing                Right Wing               Time % Phy DF OF 
 1 Tyler Bozak              Patrick Kane             Shane Doan               40     0   1  4  
 2 Brayden Schenn           Brian Gibbons            Erik Cole                25     1   2  2  
 3 Maxim Lapierre           Antoine Roussel          Blake Comeau             25     2   2  1  
 4 Brian Flynn              Torrey Mitchell          Mark Stone               10     1   3  1  

5 vs 5 Defense 
   Defense                  Defense                                           Time % Phy DF OF 
 1 Hampus Lindholm          Tobias Enstrom                                    30     1   2  2  
 2 Marek Zidlicky           Jordan Leopold                                    25     1   2  2  
 3 Mark Fayne               Luke Schenn                                       25     2   2  1  
 4 Marek Zidlicky           Tobias Enstrom                                    20     1   2  2  

PowerPlay Forward 
   Center                   Left Wing                Right Wing               Time % Phy DF OF 
 1 Tyler Bozak              Shane Doan               Patrick Kane             65     0   1  4  
 2 Brayden Schenn           Erik Cole                Antoine Roussel          35     1   1  3  

PowerPlay Defense
   Defense                  Defense                                           Time % Phy DF OF 
 1 Marek Zidlicky           Hampus Lindholm                                   59     0   2  3  
 2 Luke Schenn              Tobias Enstrom                                    41     1   2  2  

Penalty Kill 4 Players Forward 
   Center                   Wing                     Time % Phy DF OF 
 1 Brian Flynn              Torrey Mitchell          60     1   4  0  
 2 Maxim Lapierre           Mark Stone               40     1   4  0  

Penalty Kill 4 Players Defense
   Defense                  Defense                  Time % Phy DF OF 
 1 Luke Schenn              Mark Fayne               60     2   3  0  
 2 Jordan Leopold           Hampus Lindholm          40     1   4  0  

Penalty Kill - 3 Players Forward 
   Forward                                           Time % Phy DF OF 
 1 Brian Flynn                                       60     0   5  0  
 2 Torrey Mitchell                                   40     0   5  0  

Penalty Kill - 3 Players Defense
   Defense                  Defense                  Time % Phy DF OF 
 1 Tobias Enstrom           Mark Fayne               60     2   3  0  
 2 Luke Schenn              Jordan Leopold           40     2   3  0  

4 vs 4 Forward 
   Center                   Wing                     Time % Phy DF OF 
 1 Tyler Bozak              Patrick Kane             55     0   2  3  
 2 Brayden Schenn           Shane Doan               45     1   2  2  

4 vs 4 Defense
   Defense                  Defense                  Time % Phy DF OF 
 1 Hampus Lindholm          Tobias Enstrom           55     1   2  2  
 2 Luke Schenn              Jordan Leopold           45     1   3  1  

Last Minutes Offensive
   Center                   Left Wing                Right Wing               Defense                  Defense                  
   Tyler Bozak              Shane Doan               Patrick Kane             Tobias Enstrom           Hampus Lindholm          

Last Minutes Defensive
   Center                   Left Wing                Right Wing               Defense                  Defense                  
   Brian Flynn              Torrey Mitchell          Mark Stone               Luke Schenn              Mark Fayne               

Goaltenders
Starting : Ben Bishop               
Backup : Tomas Vokoun             

Extra Forwards
Normal : Patrick Kane, Shane Doan, Erik Cole - PP : Patrick Kane, Shane Doan - PK : Brian Flynn
Extra Defensemen
Normal : Marek Zidlicky, Jordan Leopold, Luke Schenn - PP : Marek Zidlicky - PK : Hampus Lindholm, Tobias Enstrom
Penalty Shots
Brayden Schenn, Tyler Bozak, Patrick Kane, Shane Doan, Maxim Lapierre

Flames

5 vs 5 Forward 
   Center                   Left Wing                Right Wing               Time % Phy DF OF 
 1 Patrick Sharp            Jamie Benn               Jaromir Jagr             25     1   2  2  
 2 David Krejci             Milan Lucic              Wayne Simmonds           25     1   2  2  
 3 Patrik Berglund          Adam Henrique            Andrew Shaw              25     1   2  2  
 4 Casey Cizikas            Matt Martin              Cal Clutterbuck          25     2   2  1  

5 vs 5 Defense 
   Defense                  Defense                                           Time % Phy DF OF 
 1 Mark Giordano            Duncan Keith                                      30     1   3  1  
 2 Brent Seabrook           Jordie Benn                                       30     1   3  1  
 3 Jake Muzzin              Patrick Wiercioch                                 30     1   3  1  
 4 Mark Giordano            Duncan Keith                                      10     1   3  1  

PowerPlay Forward 
   Center                   Left Wing                Right Wing               Time % Phy DF OF 
 1 Patrick Sharp            Jamie Benn               Jaromir Jagr             50     0   1  4  
 2 David Krejci             Milan Lucic              Wayne Simmonds           50     0   1  4  

PowerPlay Defense
   Defense                  Defense                                           Time % Phy DF OF 
 1 Mark Giordano            Duncan Keith                                      60     1   1  3  
 2 Brent Seabrook           Jake Muzzin                                       40     1   1  3  

Penalty Kill 4 Players Forward 
   Center                   Wing                     Time % Phy DF OF 
 1 Patrick Sharp            Casey Cizikas            60     1   4  0  
 2 Patrik Berglund          Jamie Benn               40     1   4  0  

Penalty Kill 4 Players Defense
   Defense                  Defense                  Time % Phy DF OF 
 1 Mark Giordano            Duncan Keith             60     1   4  0  
 2 Brent Seabrook           Jordie Benn              40     1   4  0  

Penalty Kill - 3 Players Forward 
   Forward                                           Time % Phy DF OF 
 1 Jamie Benn                                        60     0   5  0  
 2 Casey Cizikas                                     40     0   5  0  

Penalty Kill - 3 Players Defense
   Defense                  Defense                  Time % Phy DF OF 
 1 Mark Giordano            Duncan Keith             60     0   5  0  
 2 Brent Seabrook           Jordie Benn              40     0   5  0  

4 vs 4 Forward 
   Center                   Wing                     Time % Phy DF OF 
 1 Patrick Sharp            Jamie Benn               50     1   2  2  
 2 David Krejci             Jaromir Jagr             50     1   2  2  

4 vs 4 Defense
   Defense                  Defense                  Time % Phy DF OF 
 1 Mark Giordano            Duncan Keith             55     1   3  1  
 2 Brent Seabrook           Jordie Benn              45     1   3  1  

Last Minutes Offensive
   Center                   Left Wing                Right Wing               Defense                  Defense                  
   Patrick Sharp            Jamie Benn               Jaromir Jagr             Mark Giordano            Duncan Keith             

Last Minutes Defensive
   Center                   Left Wing                Right Wing               Defense                  Defense                  
   Casey Cizikas            Adam Henrique            Jamie Benn               Mark Giordano            Duncan Keith             

Goaltenders
Starting : Pekka Rinne              
Backup : Joni Ortio               

Extra Forwards
Normal : Jamie Benn, Patrik Berglund, Andrew Shaw - PP : Jamie Benn, Patrik Berglund - PK : Cal Clutterbuck
Extra Defensemen
Normal : Jake Muzzin, Mark Giordano, Duncan Keith - PP : Jake Muzzin - PK : Jake Muzzin, Duncan Keith
Penalty Shots
Patrick Sharp, Jamie Benn, Jaromir Jagr, Casey Cizikas, Wayne Simmonds

% Time on Ice - Avalanche

Lines # - Real PCT - Wanted PCT - Time Play
Normal Forward
1 - 38% - 40% - 17:52
2 - 24% - 25% - 11:31
3 - 22% - 25% - 10:16
4 - 16% - 10% - 7:29
Normal Defense
1 - 31% - 30% - 14:36
2 - 28% - 25% - 13:07
3 - 29% - 25% - 13:37
4 - 12% - 20% - 5:48
PP Forward
1 - 48% - 65% - 2:52
2 - 52% - 35% - 3:05
PP Defense
1 - 46% - 59% - 2:46
2 - 54% - 41% - 3:11
PK Forward
1 - 73% - 60% - 5:05
2 - 27% - 40% - 1:50
PK Defense
1 - 55% - 60% - 3:49
2 - 45% - 40% - 3:06
PK3 Forward
1 - 0% - 60%
2 - 0% - 40%
PK3 Defense
1 - 0% - 60%
2 - 0% - 40%
44 Forward
1 - 0% - 55%
2 - 0% - 45%
44 Defense
1 - 0% - 55%
2 - 0% - 45%
Last Minute Offensive  - 0:00
Last Minute Defensive  - 0:00
Total
Forward - 60:00
Defense - 60:00

% Time on Ice - Flames

Lines # - Real PCT - Wanted PCT - Time Play
Normal Forward
1 - 26% - 25% - 12:05
2 - 25% - 25% - 11:33
3 - 25% - 25% - 11:38
4 - 25% - 25% - 11:52
Normal Defense
1 - 30% - 30% - 13:57
2 - 33% - 30% - 15:44
3 - 32% - 30% - 15:00
4 - 5% - 10% - 2:27
PP Forward
1 - 61% - 50% - 4:13
2 - 39% - 50% - 2:42
PP Defense
1 - 60% - 60% - 4:10
2 - 40% - 40% - 2:45
PK Forward
1 - 76% - 60% - 4:33
2 - 24% - 40% - 1:24
PK Defense
1 - 62% - 60% - 3:41
2 - 38% - 40% - 2:16
PK3 Forward
1 - 0% - 60%
2 - 0% - 40%
PK3 Defense
1 - 0% - 60%
2 - 0% - 40%
44 Forward
1 - 0% - 50%
2 - 0% - 50%
44 Defense
1 - 0% - 55%
2 - 0% - 45%
Last Minute Offensive  - 0:00
Last Minute Defensive  - 0:00
Total
Forward - 60:00
Defense - 60:00

Play by Play

1st period


0:01 of 1st period - Tyler Bozak wins face-off versus Patrick Sharp in neutral zone.
0:06 of 1st period - Shot by Shane Doan.
0:06 of 1st period - Stopped by Pekka Rinne with a rebound.
0:08 of 1st period - Shot by Tyler Bozak.
0:08 of 1st period - Shot Misses the Net.
0:10 of 1st period - Shot by Tyler Bozak.
0:10 of 1st period - Shot Blocked by Mark Giordano.
0:56 of 1st period - Icing by Mark Giordano.
0:57 of 1st period - Jamie Benn wins face-off versus Maxim Lapierre in Flames zone.
1:12 of 1st period - Icing by Blake Comeau.
1:13 of 1st period - Patrik Berglund wins face-off versus Maxim Lapierre in Avalanche zone.
1:30 of 1st period - Shot by Adam Henrique.
1:30 of 1st period - Shot Misses the Net.
2:00 of 1st period - Shot by Erik Cole.
2:00 of 1st period - Stopped by Pekka Rinne with a rebound.
2:11 of 1st period - Brian Gibbons is hit by Patrick Wiercioch and loses puck.
2:15 of 1st period - Brayden Schenn is hit by Jake Muzzin and loses puck.
3:22 of 1st period - Minor Penalty to Shane Doan for Cross-checking.
3:23 of 1st period - Tyler Bozak wins face-off versus Patrick Sharp in Avalanche zone.
4:14 of 1st period - Icing by Jaromir Jagr.
4:15 of 1st period - Patrick Sharp wins face-off versus Brian Flynn in Flames zone.
4:45 of 1st period - Shot by Wayne Simmonds.
4:45 of 1st period - Shot Blocked by Hampus Lindholm.
4:47 of 1st period - Shot by Brent Seabrook.
4:47 of 1st period - Shot Misses the Net.
5:44 of 1st period - Shot by Shane Doan.
5:44 of 1st period - Stopped by Pekka Rinne without a rebound.
5:45 of 1st period - Brayden Schenn wins face-off versus Patrik Berglund in Flames zone.
7:33 of 1st period - Tyler Bozak is hit by Brent Seabrook and loses puck.
8:45 of 1st period - Brian Flynn is hit by Jake Muzzin and loses puck.
9:07 of 1st period - Shot by Shane Doan.
9:07 of 1st period - Shot Misses the Net.
9:09 of 1st period - Shot by Tobias Enstrom.
9:09 of 1st period - Shot Misses the Net.
9:13 of 1st period - Shot by Patrick Kane.
9:13 of 1st period - Stopped by Pekka Rinne without a rebound.
9:14 of 1st period - David Krejci wins face-off versus Maxim Lapierre in Flames zone.
9:50 of 1st period - Maxim Lapierre is hit by Milan Lucic and loses puck.
10:17 of 1st period - Shot by Brayden Schenn.
10:17 of 1st period - Stopped by Pekka Rinne with a rebound.
10:19 of 1st period - Shot by Brian Gibbons.
10:19 of 1st period - Stopped by Pekka Rinne with a rebound.
10:36 of 1st period - Patrick Sharp is hit by Luke Schenn and loses puck.
10:40 of 1st period - Icing by Luke Schenn.
10:41 of 1st period - Casey Cizikas wins face-off versus Tyler Bozak in Avalanche zone.
10:41 of 1st period - Casey Cizikas is hit by Luke Schenn.
10:49 of 1st period - Shot by Casey Cizikas.
10:49 of 1st period - Stopped by Ben Bishop with a rebound.
10:51 of 1st period - Shot by Patrick Wiercioch.
10:51 of 1st period - Stopped by Ben Bishop without a rebound.
10:52 of 1st period - Tyler Bozak wins face-off versus Patrik Berglund in Avalanche zone.
10:57 of 1st period - Shot by Andrew Shaw.
10:57 of 1st period - Shot Blocked by Marek Zidlicky.
10:59 of 1st period - Shot by Brent Seabrook.
10:59 of 1st period - Shot Misses the Net.
11:01 of 1st period - Shot by Brent Seabrook.
11:01 of 1st period - Shot Blocked by Marek Zidlicky.
11:03 of 1st period - Shot by Adam Henrique.
11:03 of 1st period - Shot Misses the Net.
11:05 of 1st period - Shot by Adam Henrique.
11:05 of 1st period - Deflect By Patrik Berglund.
11:05 of 1st period - Stopped by Ben Bishop without a rebound.
11:06 of 1st period - Brian Flynn wins face-off versus Casey Cizikas in Avalanche zone.
11:06 of 1st period - Brian Flynn is hit by Matt Martin.
12:53 of 1st period - Shot by Antoine Roussel.
12:53 of 1st period - Shot Misses the Net.
13:08 of 1st period - Off-side.
13:09 of 1st period - Patrik Berglund wins face-off versus Brayden Schenn in neutral zone.
13:09 of 1st period - Jake Muzzin is hit by Brayden Schenn and loses puck.
13:18 of 1st period - Shot by Patrik Berglund.
13:18 of 1st period - Shot Blocked by Jordan Leopold.
13:26 of 1st period - Shot by Patrik Berglund.
13:26 of 1st period - Stopped by Ben Bishop without a rebound.
13:27 of 1st period - Casey Cizikas wins face-off versus Tyler Bozak in Avalanche zone.
13:48 of 1st period - Shot by Casey Cizikas.
13:48 of 1st period - Goal by Casey Cizikas - Avalanche : 0 - Flames : 1.
13:49 of 1st period - David Krejci wins face-off versus Maxim Lapierre in neutral zone.
14:19 of 1st period - Shot by David Krejci.
14:19 of 1st period - Shot Misses the Net.
15:31 of 1st period - Shot by Patrick Kane.
15:31 of 1st period - Stopped by Pekka Rinne without a rebound.
15:32 of 1st period - Brayden Schenn wins face-off versus Cal Clutterbuck in Flames zone.
15:32 of 1st period - Brian Gibbons is hit by Jordie Benn and loses puck.
16:02 of 1st period - Matt Martin is hit by Luke Schenn and loses puck.
17:03 of 1st period - Shane Doan is hit by Jamie Benn and loses puck.
17:30 of 1st period - Shot by Patrick Kane.
17:30 of 1st period - Shot Misses the Net.
17:45 of 1st period - Minor Penalty to Milan Lucic for Tripping.
17:46 of 1st period - Cal Clutterbuck wins face-off versus Brayden Schenn in Flames zone.
17:57 of 1st period - Shot by Tobias Enstrom.
17:57 of 1st period - Shot Misses the Net.
17:59 of 1st period - Shot by Tobias Enstrom.
17:59 of 1st period - Shot Misses the Net.
18:01 of 1st period - Shot by Luke Schenn.
18:01 of 1st period - Shot Blocked by Casey Cizikas.
18:03 of 1st period - Shot by Tobias Enstrom.
18:03 of 1st period - Shot Misses the Net.
18:30 of 1st period - Shot by Marek Zidlicky.
18:30 of 1st period - Stopped by Pekka Rinne without a rebound.
18:31 of 1st period - Tyler Bozak wins face-off versus Patrick Sharp in Flames zone.
19:59 of 1st period - Shot by Marek Zidlicky.
19:59 of 1st period - Shot Misses the Net.
Goals for this period are 0 for Avalanche vs 1 for Flames.
Shots for this period are 8 for Avalanche vs 5 for Flames.

2nd period


0:01 of 2nd period - David Krejci wins face-off versus Tyler Bozak in neutral zone.
0:14 of 2nd period - Shot by Marek Zidlicky.
0:14 of 2nd period - Stopped by Pekka Rinne without a rebound.
0:15 of 2nd period - Brayden Schenn wins face-off versus Casey Cizikas in Flames zone.
0:16 of 2nd period - Shot by Brian Gibbons.
0:16 of 2nd period - Shot Misses the Net.
0:18 of 2nd period - Shot by Mark Fayne.
0:18 of 2nd period - Shot Misses the Net.
0:22 of 2nd period - Shot by Brayden Schenn.
0:22 of 2nd period - Stopped by Pekka Rinne with a rebound.
0:45 of 2nd period - Erik Cole is hit by Jordie Benn.
0:50 of 2nd period - Erik Cole is hit by Brent Seabrook and loses puck.
1:23 of 2nd period - Shot by Wayne Simmonds.
1:23 of 2nd period - Shot Hit the Post.
2:01 of 2nd period - Shot by Blake Comeau.
2:01 of 2nd period - Shot Misses the Net.
2:03 of 2nd period - Shot by Maxim Lapierre.
2:03 of 2nd period - Stopped by Pekka Rinne without a rebound.
2:04 of 2nd period - Patrick Sharp wins face-off versus Brian Flynn in Flames zone.
2:35 of 2nd period - Shot by Jaromir Jagr.
2:35 of 2nd period - Stopped by Ben Bishop without a rebound.
2:36 of 2nd period - Blake Comeau wins face-off versus Adam Henrique in Avalanche zone.
2:46 of 2nd period - Shot by Antoine Roussel.
2:46 of 2nd period - Shot Misses the Net.
2:48 of 2nd period - Shot by Antoine Roussel.
2:48 of 2nd period - Stopped by Pekka Rinne without a rebound.
2:49 of 2nd period - Tyler Bozak wins face-off versus Casey Cizikas in Flames zone.
3:15 of 2nd period - Shot by Matt Martin.
3:15 of 2nd period - Shot Misses the Net.
3:52 of 2nd period - Minor Penalty to Erik Cole for Hooking.
3:53 of 2nd period - Patrick Sharp wins face-off versus Brian Flynn in Avalanche zone.
3:54 of 2nd period - Shot by Jamie Benn.
3:54 of 2nd period - Stopped by Ben Bishop without a rebound.
3:55 of 2nd period - Patrick Sharp wins face-off versus Brian Flynn in Avalanche zone.
4:08 of 2nd period - Shot by Brent Seabrook.
4:08 of 2nd period - Shot Misses the Net.
4:24 of 2nd period - Shot by Jamie Benn.
4:24 of 2nd period - Shot Misses the Net.
4:28 of 2nd period - Shot by Jaromir Jagr.
4:28 of 2nd period - Deflect By Patrick Sharp.
4:28 of 2nd period - Stopped by Ben Bishop without a rebound.
4:29 of 2nd period - Maxim Lapierre wins face-off versus David Krejci in Avalanche zone.
4:50 of 2nd period - Shot by Duncan Keith.
4:50 of 2nd period - Goal by Duncan Keith - Avalanche : 0 - Flames : 2.
4:51 of 2nd period - Patrik Berglund wins face-off versus Tyler Bozak in neutral zone.
4:58 of 2nd period - Tobias Enstrom is hit by Andrew Shaw.
5:04 of 2nd period - Shot by Patrick Kane.
5:04 of 2nd period - Shot Misses the Net.
5:31 of 2nd period - Minor Penalty to Brent Seabrook for Hooking.
5:32 of 2nd period - Brayden Schenn wins face-off versus Patrick Sharp in Flames zone.
5:41 of 2nd period - Shot by Brayden Schenn.
5:41 of 2nd period - Shot Blocked by Duncan Keith.
7:35 of 2nd period - Minor Penalty to Jake Muzzin for Hooking.
7:36 of 2nd period - Patrick Sharp wins face-off versus Patrick Kane in Flames zone.
10:08 of 2nd period - Shot by Wayne Simmonds.
10:08 of 2nd period - Shot Misses the Net.
10:22 of 2nd period - Shot by Jaromir Jagr.
10:22 of 2nd period - Stopped by Ben Bishop without a rebound.
10:23 of 2nd period - Casey Cizikas wins face-off versus Maxim Lapierre in Avalanche zone.
10:37 of 2nd period - Icing by Duncan Keith.
10:38 of 2nd period - Casey Cizikas wins face-off versus Maxim Lapierre in Flames zone.
10:45 of 2nd period - Shot by Duncan Keith.
10:45 of 2nd period - Stopped by Ben Bishop without a rebound.
10:46 of 2nd period - Brayden Schenn wins face-off versus Patrick Sharp in Avalanche zone.
10:46 of 2nd period - Brayden Schenn is hit by Jamie Benn.
10:52 of 2nd period - Brian Gibbons is hit by Jamie Benn and loses puck.
11:12 of 2nd period - Shot by Brian Gibbons.
11:12 of 2nd period - Shot Misses the Net.
11:58 of 2nd period - Icing by Mark Giordano.
11:59 of 2nd period - Maxim Lapierre wins face-off versus Patrik Berglund in Flames zone.
12:09 of 2nd period - Icing by Patrik Berglund.
12:10 of 2nd period - Andrew Shaw wins face-off versus Patrick Kane in Flames zone.
12:19 of 2nd period - Off-side.
12:20 of 2nd period - David Krejci wins face-off versus Blake Comeau in neutral zone.
12:20 of 2nd period - Patrick Wiercioch is hit by Antoine Roussel and loses puck.
12:24 of 2nd period - Patrick Wiercioch is hit by Blake Comeau and loses puck.
12:28 of 2nd period - Patrick Wiercioch is hit by Marek Zidlicky and loses puck.
12:36 of 2nd period - Jordan Leopold is hit by Milan Lucic and loses puck.
12:57 of 2nd period - Blake Comeau is hit by Wayne Simmonds and loses puck.
14:23 of 2nd period - Shot by Patrick Sharp.
14:23 of 2nd period - Shot Blocked by Luke Schenn.
14:56 of 2nd period - Icing by Patrick Wiercioch.
14:57 of 2nd period - Patrik Berglund wins face-off versus Brayden Schenn in Flames zone.
15:52 of 2nd period - Shot by David Krejci.
15:52 of 2nd period - Stopped by Ben Bishop without a rebound.
15:53 of 2nd period - Maxim Lapierre wins face-off versus Casey Cizikas in Avalanche zone.
16:35 of 2nd period - Icing by Jordan Leopold.
16:36 of 2nd period - Maxim Lapierre wins face-off versus David Krejci in Avalanche zone.
17:39 of 2nd period - Shot by Patrick Kane.
17:39 of 2nd period - Shot Misses the Net.
17:53 of 2nd period - Shot by Patrick Sharp.
17:53 of 2nd period - Goal by Patrick Sharp - Avalanche : 0 - Flames : 3.
17:54 of 2nd period - Brayden Schenn wins face-off versus Patrik Berglund in neutral zone.
18:14 of 2nd period - Luke Schenn is hit by Andrew Shaw.
18:15 of 2nd period - Icing by Luke Schenn.
18:16 of 2nd period - Patrick Sharp wins face-off versus Brayden Schenn in Avalanche zone.
19:15 of 2nd period - Shot by Tyler Bozak.
19:15 of 2nd period - Stopped by Pekka Rinne without a rebound.
19:16 of 2nd period - Adam Henrique wins face-off versus Torrey Mitchell in Flames zone.
19:30 of 2nd period - Shot by Andrew Shaw.
19:30 of 2nd period - Shot Misses the Net.
Goals for this period are 0 for Avalanche vs 2 for Flames.
Shots for this period are 5 for Avalanche vs 8 for Flames.

3rd period


0:01 of 3rd period - Tyler Bozak wins face-off versus Casey Cizikas in neutral zone.
0:08 of 3rd period - Shot by Tyler Bozak.
0:08 of 3rd period - Shot Misses the Net.
0:10 of 3rd period - Shot by Marek Zidlicky.
0:10 of 3rd period - Stopped by Pekka Rinne with a rebound.
0:12 of 3rd period - Shot by Tobias Enstrom.
0:12 of 3rd period - Shot Misses the Net.
0:14 of 3rd period - Shot by Marek Zidlicky.
0:14 of 3rd period - Shot Misses the Net.
0:32 of 3rd period - Duncan Keith is hit by Shane Doan.
0:39 of 3rd period - Duncan Keith is hit by Marek Zidlicky and loses puck.
0:49 of 3rd period - Icing by Patrick Kane.
0:50 of 3rd period - Tyler Bozak wins face-off versus David Krejci in Avalanche zone.
0:59 of 3rd period - Off-side.
1:00 of 3rd period - Jaromir Jagr wins face-off versus Brian Gibbons in neutral zone.
1:08 of 3rd period - Brayden Schenn is hit by Brent Seabrook and loses puck.
1:35 of 3rd period - Shot by Brian Gibbons.
1:35 of 3rd period - Shot Hit the Post.
2:02 of 3rd period - Shot by Antoine Roussel.
2:02 of 3rd period - Deflect By Maxim Lapierre.
2:02 of 3rd period - Shot Misses the Net.
2:08 of 3rd period - Shot by Antoine Roussel.
2:08 of 3rd period - Deflect By Maxim Lapierre.
2:08 of 3rd period - Stopped by Pekka Rinne without a rebound.
2:09 of 3rd period - David Krejci wins face-off versus Tyler Bozak in Flames zone.
2:16 of 3rd period - Marek Zidlicky is hit by Milan Lucic and loses puck.
2:28 of 3rd period - Patrick Kane is hit by Mark Giordano and loses puck.
3:01 of 3rd period - Shot by Mark Stone.
3:01 of 3rd period - Shot Blocked by Mark Giordano.
3:36 of 3rd period - Off-side.
3:37 of 3rd period - Brayden Schenn wins face-off versus Patrik Berglund in neutral zone.
3:39 of 3rd period - Erik Cole is hit by Jake Muzzin and loses puck.
3:51 of 3rd period - Jake Muzzin is hit by Tobias Enstrom and loses puck.
3:57 of 3rd period - Tobias Enstrom is hit by Andrew Shaw and loses puck.
4:27 of 3rd period - Brayden Schenn is hit by Matt Martin and loses puck.
4:36 of 3rd period - Shot by Matt Martin.
4:36 of 3rd period - Stopped by Ben Bishop without a rebound.
4:37 of 3rd period - Patrick Sharp wins face-off versus Tyler Bozak in Avalanche zone.
4:51 of 3rd period - Jamie Benn is hit by Jordan Leopold and loses puck.
5:07 of 3rd period - Minor Penalty to Marek Zidlicky for Interference.
5:08 of 3rd period - Patrick Sharp wins face-off versus Brian Flynn in Avalanche zone.
5:21 of 3rd period - Shot by Jamie Benn.
5:21 of 3rd period - Stopped by Ben Bishop without a rebound.
5:22 of 3rd period - Brian Flynn wins face-off versus David Krejci in Avalanche zone.
5:22 of 3rd period - Brian Flynn is hit by Milan Lucic.
5:46 of 3rd period - Shot by Brent Seabrook.
5:46 of 3rd period - Stopped by Ben Bishop without a rebound.
5:47 of 3rd period - Patrick Sharp wins face-off versus Brian Flynn in Avalanche zone.
5:54 of 3rd period - Shot by Mark Giordano.
5:54 of 3rd period - Stopped by Ben Bishop without a rebound.
5:55 of 3rd period - Patrick Sharp wins face-off versus Maxim Lapierre in Avalanche zone.
6:08 of 3rd period - Brian Flynn is hit by Jamie Benn and loses puck.
6:13 of 3rd period - Shot by Mark Giordano.
6:13 of 3rd period - Shot Blocked by Torrey Mitchell.
6:15 of 3rd period - Shot by Mark Giordano.
6:15 of 3rd period - Stopped by Ben Bishop without a rebound.
6:16 of 3rd period - David Krejci wins face-off versus Mark Stone in Avalanche zone.
6:20 of 3rd period - Wayne Simmonds is hit by Hampus Lindholm and loses puck.
6:23 of 3rd period - Shot by Wayne Simmonds.
6:23 of 3rd period - Stopped by Ben Bishop without a rebound.
6:24 of 3rd period - Torrey Mitchell wins face-off versus David Krejci in Avalanche zone.
6:24 of 3rd period - Torrey Mitchell is hit by Milan Lucic.
6:34 of 3rd period - Shot by Duncan Keith.
6:34 of 3rd period - Stopped by Ben Bishop without a rebound.
6:35 of 3rd period - Brian Flynn wins face-off versus Patrick Sharp in Avalanche zone.
6:56 of 3rd period - Shot by Jamie Benn.
6:56 of 3rd period - Stopped by Ben Bishop with a rebound.
6:58 of 3rd period - Shot by Mark Giordano.
6:58 of 3rd period - Stopped by Ben Bishop without a rebound.
6:59 of 3rd period - Maxim Lapierre wins face-off versus David Krejci in Avalanche zone.
7:20 of 3rd period - Shot by Patrick Kane.
7:20 of 3rd period - Stopped by Pekka Rinne without a rebound.
7:21 of 3rd period - Maxim Lapierre wins face-off versus Patrik Berglund in Flames zone.
7:43 of 3rd period - Shot by Andrew Shaw.
7:43 of 3rd period - Stopped by Ben Bishop with a rebound.
8:18 of 3rd period - Shot by Tyler Bozak.
8:18 of 3rd period - Shot Blocked by Patrick Wiercioch.
8:44 of 3rd period - Shot by Patrick Kane.
8:44 of 3rd period - Shot Misses the Net.
8:46 of 3rd period - Shot by Tyler Bozak.
8:46 of 3rd period - Stopped by Pekka Rinne with a rebound.
10:03 of 3rd period - Duncan Keith is hit by Luke Schenn and loses puck.
11:03 of 3rd period - Shot by Casey Cizikas.
11:03 of 3rd period - Stopped by Ben Bishop without a rebound.
11:04 of 3rd period - Patrik Berglund wins face-off versus Tyler Bozak in Avalanche zone.
11:05 of 3rd period - Shot by Andrew Shaw.
11:05 of 3rd period - Stopped by Ben Bishop without a rebound.
11:06 of 3rd period - Tyler Bozak wins face-off versus Patrik Berglund in Avalanche zone.
11:25 of 3rd period - Shot by Patrick Kane.
11:25 of 3rd period - Shot Misses the Net.
12:03 of 3rd period - Minor Penalty to Antoine Roussel for Close Hand On Puck.
12:04 of 3rd period - Patrick Sharp wins face-off versus Brian Flynn in Avalanche zone.
12:45 of 3rd period - Icing by Duncan Keith.
12:46 of 3rd period - Maxim Lapierre wins face-off versus Patrick Sharp in Flames zone.
14:10 of 3rd period - Shot by Matt Martin.
14:10 of 3rd period - Deflect By Casey Cizikas.
14:10 of 3rd period - Stopped by Ben Bishop without a rebound.
14:11 of 3rd period - Tyler Bozak wins face-off versus Patrik Berglund in Avalanche zone.
14:45 of 3rd period - Shot by Tyler Bozak.
14:45 of 3rd period - Stopped by Pekka Rinne without a rebound.
14:46 of 3rd period - Maxim Lapierre wins face-off versus Casey Cizikas in Flames zone.
14:52 of 3rd period - Icing by Brent Seabrook.
14:53 of 3rd period - Brayden Schenn wins face-off versus Casey Cizikas in Flames zone.
15:17 of 3rd period - Icing by Brent Seabrook.
15:18 of 3rd period - Tyler Bozak wins face-off versus Matt Martin in Flames zone.
15:42 of 3rd period - Shot by Tyler Bozak.
15:42 of 3rd period - Shot Misses the Net.
15:44 of 3rd period - Shot by Shane Doan.
15:44 of 3rd period - Stopped by Pekka Rinne without a rebound.
15:45 of 3rd period - Patrick Sharp wins face-off versus Maxim Lapierre in Flames zone.
15:50 of 3rd period - Shot by Jamie Benn.
15:50 of 3rd period - Deflect By Patrick Sharp.
15:50 of 3rd period - Shot Misses the Net.
15:52 of 3rd period - Shot by Patrick Sharp.
15:52 of 3rd period - Shot Blocked by Antoine Roussel.
16:22 of 3rd period - Duncan Keith is hit by Antoine Roussel and loses puck.
16:50 of 3rd period - Icing by David Krejci.
16:51 of 3rd period - David Krejci wins face-off versus Patrick Kane in Flames zone.
17:08 of 3rd period - Shot by Marek Zidlicky.
17:08 of 3rd period - Stopped by Pekka Rinne without a rebound.
17:09 of 3rd period - Brayden Schenn wins face-off versus Casey Cizikas in Flames zone.
17:24 of 3rd period - Shot by Erik Cole.
17:24 of 3rd period - Shot Misses the Net.
18:07 of 3rd period - Shot by Tyler Bozak.
18:07 of 3rd period - Shot Misses the Net.
18:21 of 3rd period - Shot by Milan Lucic.
18:21 of 3rd period - Stopped by Ben Bishop without a rebound.
18:22 of 3rd period - Brian Flynn wins face-off versus Jamie Benn in Avalanche zone.
19:03 of 3rd period - Patrick Sharp is hit by Torrey Mitchell.
19:04 of 3rd period - Icing by Patrick Sharp.
19:05 of 3rd period - Tyler Bozak wins face-off versus Patrick Sharp in Flames zone.
19:29 of 3rd period - Off-side.
19:30 of 3rd period - Patrik Berglund wins face-off versus Maxim Lapierre in neutral zone.
19:45 of 3rd period - Shot by Adam Henrique.
19:45 of 3rd period - Shot Misses the Net.
19:47 of 3rd period - Shot by Patrik Berglund.
19:47 of 3rd period - Stopped by Ben Bishop without a rebound.
19:48 of 3rd period - Wayne Simmonds wins face-off versus Patrick Kane in Avalanche zone.
19:48 of 3rd period - Wayne Simmonds is hit by Tobias Enstrom.
Goals for this period are 0 for Avalanche vs 0 for Flames.
Shots for this period are 7 for Avalanche vs 15 for Flames.


Output by the SimonT Hockey Simulator (STHS) for Mathias Vaigur -- Original Page W3C XHTML 1.0 Valid
Hockey Simulator - Hockey Simulation - Hockey Manager